AoeStats
← AM | MANCO-KUN

African Clearing

510949489Analyzed
2v2 RM · 11h ago on Oct 3, 2026· 22m 3s· 4 players
Game mode
Random Map
Map size
Medium (4 player)
Population
200
Speed
Normal
Resources
Standard
Victory
Conquest
Starting age
Dark Age
Ending age
Imperial Age
RankedLock teamsTeams togetherTeam positionsShared explorationLock speedFull tech treeHidden civsTurbo modeCheats
Victory
Defeat
🇨🇴 Chinese · Colombia
1368
+12
🇲🇽 Vietnamese · Mexico
1294
+16
🇲🇽 Georgians · Mexico
1284
-14
🇲🇽 Koreans · Mexico
1279
-14
AM | MANCO-KUN
2:54 Loom
9:21 Loom
11:26 Feudal Age
14:45 Fletching
19:06 Padded Archer Armor
AM | AndresBC
3:05 Loom
12:44 Feudal Age
13:37 Double-Bit Axe
16:36 Horse Collar
21:40 Bloodlines
22:27 Scale Mail Armor
Clearly
9:19 Loom
11:54 Feudal Age
16:20 Forging
17:27 Scale Barding Armor
RedDevil0792
4:53 Loom
13:59 Feudal Age
14:45 Double-Bit Axe
14:44 Horse Collar
19:31 Wheelbarrow
Connection lost

Rejoining the realm…

Still unreachable

The connection could not be restored.

Session expired

The server has moved on; the page needs a fresh start.